 Dungeon Crawl Stone Soup version 0.29.1-2-gbd0b4ee654 (webtiles) character file.

Game seed: 5240174141080247879

152 xian the Trooper (level 5, -3/51 HPs)
             Began as a Naga Abyssal Knight on Oct 29, 2022.
             Was a Priest of Lugonu.
             Slain by Grinder (4 damage)
             ... on level 3 of the Dungeon.
             The game lasted 00:07:26 (2741 turns).

xian the Trooper (Naga Abyssal Knight)              Turns: 2741, Time: 00:07:27

Health: -3/51      AC:  6    Str: 17    XL:     5   Next: 34%
Magic:  7/7        EV:  8    Int: 10    God:    Lugonu [***...]
Gold:   88         SH:  3    Dex: 12    Spells: 4/4 levels left

rFire   . . .      SeeInvis +   a - +1 hand axe
rCold   . . .      Faith    .   m - +0 buckler
rNeg    . . .      Spirit   .   l - +1 ring mail "Gois" {Harm Will+}
rPois   +          Reflect  .   s - +0 helmet
rElec   .          Harm     +   (no cloak)
rCorr   .          Rampage  .   (no gloves)
Will    +....                   (no barding)
Stlth   +.........              d - amulet of magic regeneration
HPRegen 0.17/turn               (no ring)
MPRegen 0.50/turn               (no ring)

@: short of breath, flying, very slow
A: AC +1, large, see invisible, deformed body, poison resistance, slowness 2,
spit poison 1, naga tail 1
a: Spit Poison, Renounce Religion, Depart the Abyss, Bend Space, Banish


You were on level 3 of the Dungeon.
You worshipped Lugonu.
Lugonu was most pleased with you.
You visited 1 branch of the dungeon, and saw 3 of its levels.
You visited the Abyss 1 time.

You collected 88 gold pieces.

Inventory:

Hand Weapons
 a - a +1 hand axe (weapon)
Missiles
 e - 26 stones (quivered)
Armour
 l - the +1 ring mail "Gois" (worn) {Harm Will+}
   (You found it on level 2 of the Dungeon)

   Harm:      It increases damage dealt and taken.
   Will:      It increases your willpower.
 m - a +0 buckler (worn)
 s - a +0 helmet (worn)
Jewellery
 d - an amulet of magic regeneration (around neck)
 i - an amulet of guardian spirit
Scrolls
 b - a scroll of enchant armour {unknown}
 c - a scroll of teleportation {unknown}
 k - a scroll of immolation {unknown}
 o - a scroll of blinking {unknown}
 q - a scroll of identify {unknown}
Potions
 f - a potion of degeneration {unknown}
 h - a potion of heal wounds {unknown}
 j - a potion of cancellation {unknown}
 n - a potion of flight
 p - a potion of invisibility {unknown}
 r - 2 potions of curing {unknown}


   Skills:
 + Level 4.4 Fighting
 + Level 3.1 Axes
 + Level 2.2 Armour
 + Level 0.9 Dodging
 + Level 0.9 Stealth
 + Level 0.1 Shields
 * Level 2.7 Invocations


You had 4 spell levels left.
You didn't know any spells.
Your spell library was empty.

Dungeon Overview and Level Annotations

Branches:
Dungeon (3/15)

Altars:
Cheibriados
Elyvilon

Annotations:
D:3 Grinder


Innate Abilities, Weirdness & Mutations

Your serpentine skin is tough. (AC +1)
You have supernaturally acute eyesight. (SInv)
Armour fits poorly on your strangely shaped body.
Your system is resistant to poisons. (rPois)
You cover ground very slowly.
You can spit poison.
You have a snake-like lower body.


Message History

Unknown command.
Aiming: Spit Poison (1% risk of failure)
Press: ? - help, Shift-Dir - straight line, f/p - Grinder
Aim: Grinder (moderately wounded, 54% to hit)
The splash of poison misses Grinder.
Grinder hits you but does no damage.
Unknown command.
Okay, then.
You hit Grinder.
Grinder is moderately wounded.
Grinder barely misses you.
You barely miss Grinder.
Grinder is moderately wounded.
Grinder hits you.
You writhe in agony.
You slash Grinder!
Grinder is severely wounded.
You have got your breath back.
Grinder hits you.
* * * LOW HITPOINT WARNING * * *
You closely miss Grinder.
Grinder is severely wounded.
Grinder hits you but does no damage.
Unknown command.
Aiming: Spit Poison (1% risk of failure)
Press: ? - help, Shift-Dir - straight line, f/p - Grinder
Aim: Grinder (severely wounded, 54% to hit)
The splash of poison hits Grinder.
Grinder is severely wounded.
Grinder hits you.
* * * LOW HITPOINT WARNING * * *
You writhe in agony.
* * * LOW HITPOINT WARNING * * *
Okay, then.
Unknown command.
Okay, then.
It was a potion of flight.
You feel very buoyant.
You fly up into the air.
Grinder hits you!
* * * LOW HITPOINT WARNING * * *
You writhe in agony.
You die...

#. #### #.## ...
#.(# #######(.#..#
#.....#(.#..#
#.###.###.#.....#
#.#.....#.##.#5.#
#.#.#.#.#.##.#.@#
#.#.#.#.#.##.#..#
#.#.#.#.#.##.#..#
#.#.#.#.#.##.#..#
#.#)#.#.#.#(....#
#.)<).....#..##.#
######รท#.###..##.#
..............##.#
######.#.####.##.#


You could see Grinder.

Vanquished Creatures
  2 orc wizards (D:2)
  Robin (D:3)
  3 adders
  3 dart slugs
  2 orcs (D:2)
  An endoplasm (D:1)
  13 goblins
  12 hobgoblins
  5 kobolds
  3 ball pythons
  2 bats
  6 frilled lizards
  5 rats
58 creatures vanquished.

Notes
Turn   | Place    | Note
-------+----------+-------------------------------------------
     0 | Abyss:1  | xian the Naga Abyssal Knight began the quest for the Orb.
     0 | Abyss:1  | Reached XP level 1. HP: 21/21 MP: 2/2
     1 | D:1      | Escaped the Abyss
   255 | D:1      | Reached XP level 2. HP: 27/28 MP: 3/3
   848 | D:1      | Reached XP level 3. HP: 32/36 MP: 4/4
  1131 | D:2      | Reached *** piety under Lugonu
  1171 | D:2      | Identified the +1 ring mail "Gois" {Harm Will+}
  1192 | D:2      | Reached skill level 4 in Fighting
  1411 | D:2      | Found a snail-covered altar of Cheibriados.
  1537 | D:2      | Reached XP level 4. HP: 3/44 MP: 5/5
  2194 | D:2      | Reached XP level 5. HP: 23/50 MP: 6/6
  2478 | D:3      | Noticed Robin
  2490 | D:3      | Killed Robin
  2664 | D:3      | Found a white marble altar of Elyvilon.
  2718 | D:3      | Noticed Grinder
  2741 | D:3      | HP: 1/51 [Grinder (8)]
  2741 | D:3      | Slain by Grinder

Illustrated notes

Levels and vault maps discovered:
D:1:      wander_arrival_estate, layout_loops_ring, minmay_stone_trees_large,
          st_stairs_7, amcnicky_mini_corridor_feature
D:2:      layout_rooms, basic_altar, nicolae_elevator_lobby_plus
D:3:      layout_basic, mainiacjoe_overflow_alcove_2,
          mainiacjoe_overflow_alcove_4, chequers_ecumenical_altar_simple,
          uniq_robin, uniq_grinder, uniq_ijyb

Skill      XL: |  1  2  3  4  5 |
---------------+----------------+-----
Fighting       | 4 |  4.4
Armour         | 2 |  2.2
Axes           | 3 |  3.1
Dodging        | |  0.9
Stealth        | |  0.9
Shields        | |  0.1
Invocations    | |  2.7

Action                   |  1- 3 |  4- 6 || total
-------------------------+-------+-------++-------
Melee: Hand axe          |    75 |    62 ||   137
Throw: Dart              |       |     6 ||     6
       Stone             |       |     3 ||     3
 Abil: Spit Poison       |    24 |    16 ||    40
  Use: Potion            |       |     1 ||     1
Armor: Leather armour    |     9 |       ||     9
       Ring mail         |    15 |    39 ||    54
Dodge: Dodged            |    32 |    25 ||    57
Block: Buckler           |     4 |    11 ||    15
